 Dungeon Crawl Stone Soup version 0.18-a0-916-gc496e2e (webtiles) character file.

4930 Arkorax the Fighter (level 10, -1/86 HPs)
             Began as a Human Berserker on Dec 26, 2015.
             Was a High Priest of Trog.
             Slain by a fire elemental (7 damage)
             ... summoned by a deep elf mage
             ... on level 9 of the Dungeon.
             The game lasted 00:13:02 (10289 turns).

Arkorax the Fighter (Human Berserker)              Turns: 10289, Time: 00:13:03

Health: -1/86      AC: 11    Str: 20    XL:     10   Next: 81%
Magic:  10/10      EV:  6    Int:  8    God:    Trog [*****.]
Gold:   266        SH:  5    Dex: 15    Spells: 0 memorised, 9 levels left

rFire  . . .     SeeInvis .     s - +2 quarterstaff
rCold  . . .     Gourm    .     D - +0 plate armour (curse)
rNeg   . . .     Faith    .     (shield currently unavailable)
rPois  .         Spirit   .     (no helmet)
rElec  .         Dismiss  .     (no cloak)
rCorr  .         Reflect  +     (no gloves)
SustAt .         Harm     .     y - +0 pair of boots
MR     +....                    u - +5 amulet of reflection
Stlth  ..........               (no ring)
                                C - ring of protection from magic

@: exhausted, slowed, very slow, somewhat resistant to hostile enchantments,
extremely unstealthy
A: agile 1
a: Berserk, Trog's Hand, Brothers in Arms, Burn Spellbooks, Renounce Religion


You were on level 9 of the Dungeon.
You worshipped Trog.
Trog was extremely pleased with you.
You were not hungry.

You visited 1 branch of the dungeon, and saw 9 of its levels.

You collected 651 gold pieces.
You spent 385 gold pieces at shops.

Inventory:

Hand Weapons
 s - a +2 quarterstaff (weapon)
Armour
 y - a +0 pair of boots (worn)
 D - a cursed +0 plate armour (worn)
Jewellery
 t - an uncursed ring of ice
 u - a +5 amulet of reflection (around neck)
 C - a ring of protection from magic (left hand)
Wands
 v - a wand of lightning (4/15)
 w - a wand of fireball (15/15)
 B - a wand of magic darts (20/48)
 K - a wand of lightning (7/15)
Scrolls
 b - 4 scrolls of teleportation {unknown}
 f - 5 scrolls of enchant armour {unknown}
 k - 6 scrolls of remove curse
 n - a scroll of immolation
 q - 2 scrolls of fog
 r - a scroll of recharging
 x - 4 scrolls of magic mapping
 F - 2 scrolls of identify
Potions
 d - a potion of poison
 g - 2 potions of heal wounds
 h - 2 potions of curing {unknown}
 i - a potion of flight
 j - a potion of might
 l - a potion of brilliance {unknown}
 m - a potion of ambrosia {unknown}
 o - a potion of agility
 p - a potion of resistance
 H - a potion of cure mutation {unknown}
Comestibles
 z - 2 bread rations
 A - a meat ration
 I - 5 slices of pizza


   Skills:
 + Level 10.6 Fighting
   Level 5.4 Long Blades
 * Level 10.2 Staves
 - Level 2.0 Armour
 - Level 2.0 Dodging


You had 9 spell levels left.
You didn't know any spells.

Dungeon Overview and Level Annotations

Branches:
Dungeon (9/15)             Temple (0/1) D:5            Lair (0/8) D:9
    Orc: D:9-12

Altars:
Elyvilon
Fedhas
Makhleb
Okawaru
Pakellas
Ru
Vehumet
Xom

Shops:
D:7 !   D:8 :


Innate Abilities, Weirdness & Mutations

You are agile. (Dex +2)


Message History

The deep elf mage blinks!
You are too berserk!
You are too berserk!
You feel a strong urge to attack something.
The deep elf mage gestures wildly while chanting.
The deep elf mage blinks!
You miss the deep elf mage.
The deep elf mage is heavily wounded.
You are no longer berserk.
You are exhausted.
You feel yourself slow down. The fire elemental barely misses you.
Read which item? (? for menu, Esc to quit)
Okay, then.
Drink which item? (? for menu, Esc to quit)
You feel much better. The fire elemental hits you.
The fire elemental burns you!
* * * LOW HITPOINT WARNING * * *
The deep elf mage hits you but does no damage.
The fire elemental hits you. The fire elemental burns you!
You die...

..# ..# #### ....... ..# #..
....... ..# #.# ....... ###
####.### e.Y.... ###.P....###
..... ##....P.....## ...
###....P.PPP...########.#####.
....P......)P...@E§§§§........
.....PPP.P.P†P..eE###.#.####..
...PP..#'##.PPP....†§§..#
#...))P#..#P.PP..#.##§###
##.PP.P#.>#P..P..#.##...
#.P.P†####P....##..#.{...
#...(P...P.P...###.#.......
##..PPP...P....# .#.......
#.....P)......# .#.......


You could see a deep elf mage and 2 fire elementals.

Vanquished Creatures
  Pikel (D:6)
  2 centaur zombies
  Sigmund (D:4)
  A hungry ghost (D:9)
  A yak (D:9)
  A hippogriff (D:7)
  Duvessa (D:5)
  4 slaves (D:6)
  A black bear (D:7)
  6 ogres
  4 ice beasts
  A sky beast (D:6)
  3 orc warriors
  2 centaurs
  A big kobold (D:9)
  2 crocodiles (D:9)
  3 giant frogs
  Blork the orc (D:5)
  Dowan (D:5)
  3 scorpions
  A crimson imp (D:5)
  2 hounds (D:4)
  6 orc wizards
  A quasit (D:6)
  3 orc priests
  A giant frog skeleton (D:4)
  2 centaur skeletons
  3 iguanas
  14 worker ants
  A hound skeleton (D:5)
  11 adders
  3 gnolls (D:3)
  6 river rats (D:9)
  2 shadow imps
  An ooze (D:5)
  2 adder skeletons
  2 worms
  10 giant geckos
  29 orcs
  2 ball pythons
  11 hobgoblins
  4 jackals (D:5)
  7 quokkas
  15 bats
  5 giant cockroaches
  5 giant newts
  8 goblins
  2 jackal skeletons (D:4)
  9 kobolds
  2 quokka skeletons
  16 rats
226 creatures vanquished.

Vanquished Creatures (collateral kills)
  A centaur (D:9)
  4 orcs (D:9)
5 creatures vanquished.

Vanquished Creatures (others)
  4 fungi (D:9)
  A plant (D:9)
5 creatures vanquished.

Grand Total: 236 creatures vanquished

Notes
Turn   | Place    | Note
--------------------------------------------------------------
     0 | D:1      | Arkorax the Human Berserker began the quest for the Orb.
     0 | D:1      | Reached XP level 1. HP: 18/18 MP: 1/1
   160 | D:1      | Reached XP level 2. HP: 24/24 MP: 2/2
   686 | D:2      | Reached ** piety under Trog
   686 | D:2      | Reached XP level 3. HP: 7/29 MP: 3/3
  1992 | D:3      | Found a burning altar of Makhleb.
  2000 | D:3      | Reached XP level 4. HP: 37/37 MP: 4/4
  2003 | D:3      | Found a radiant altar of Vehumet.
  2007 | D:3      | Reached skill level 4 in Long Blades
  2094 | D:3      | Reached XP level 5. HP: 7/42 MP: 5/5
  2623 | D:3      | Found an oddly glowing altar of Pakellas.
  2711 | D:3      | Found a sacrificial altar of Ru.
  3639 | D:3      | Reached *** piety under Trog
  4029 | D:4      | Reached skill level 5 in Long Blades
  4029 | D:4      | Reached XP level 6. HP: 38/50 MP: 6/6
  4192 | D:4      | Reached skill level 5 in Fighting
  4241 | D:4      | Reached skill level 1 in Staves
  4241 | D:4      | Reached XP level 7. HP: 56/56 MP: 7/7
  4252 | D:4      | Noticed Sigmund
  4284 | D:4      | Killed Sigmund
  4485 | D:4      | Reached skill level 6 in Fighting
  5158 | D:5      | Entered Level 5 of the Dungeon
  5434 | D:4      | Reached XP level 8. HP: 48/65 MP: 8/8
  5490 | D:5      | Noticed Dowan
  5528 | D:5      | Killed Dowan
  5530 | D:5      | Noticed Duvessa
  5540 | D:5      | Killed Duvessa
  5793 | D:5      | Reached skill level 7 in Fighting
  6254 | D:5      | Found a staircase to the Ecumenical Temple.
  6296 | D:5      | Reached skill level 5 in Staves
  6540 | D:5      | Noticed Blork the orc
  6547 | D:5      | Killed Blork the orc
  6964 | D:5      | Reached XP level 9. HP: 67/74 MP: 9/9
  7124 | D:5      | Reached **** piety under Trog
  7174 | D:6      | Reached skill level 8 in Fighting
  7473 | D:6      | Found a blossoming altar of Fedhas.
  7691 | D:6      | Noticed Pikel
  7732 | D:6      | Killed Pikel
  7732 | D:6      | Reached skill level 9 in Fighting
  8092 | D:6      | Found a shimmering altar of Xom.
  8308 | D:7      | Found Rison's Distillery.
  8316 | D:7      | Bought a potion of beneficial mutation for 385 gold pieces
  8316 | D:7      | Gained mutation: You are agile. (Dex +2) [potion of beneficial mutation]
  8528 | D:7      | Reached XP level 10. HP: 66/83 MP: 10/10
  8570 | D:7      | Found a white marble altar of Elyvilon.
  8766 | D:7      | Reached skill level 10 in Fighting
  9011 | D:8      | Found an iron altar of Okawaru.
  9158 | D:8      | Found Coifourgh's Book Emporium.
  9991 | D:9      | Reached ***** piety under Trog
 10030 | D:9      | Received a gift from Trog
 10178 | D:9      | Found a staircase to the Lair.
 10200 | D:9      | Reached skill level 10 in Staves
 10224 | D:9      | Noticed a deep elf mage
 10283 | D:9      | HP: 2/129 [fire elemental[a deep elf mage] (8)]
 10289 | D:9      | Slain by a fire elemental

Vault maps used:
D:1:      dpeg_chamrin_arrival_tetris, minmay_unequal
D:2:      minmay_misc_feat_rows
D:3:      lemuel_doored_altar, grunt_temple_overflow_open, first_bread
D:4:      uniq_sigmund
D:5:      minmay_temple_entry_grid, uniq_duvessa, uniq_blork_the_orc
D:6:      kennysheep_mini, fedhas_altar_2, uniq_pikel
D:7:      elyvilon_altar_1, serial_shops, shop_statue
D:8:      okawaru_ov_weapons_minmay, serial_shops, shop, grunt_pizzeria
D:9:      grunt_lair_entry_orc_guard_hut, basic_altar

Action                   |  1- 3 |  4- 6 |  7- 9 | 10-12 || total
-------------------------+-------+-------+-------+-------++-------
Melee: Falchion          |   102 |   186 |       |       ||   288
       Quarterstaff      |       |    10 |   458 |   334 ||   802
Invok: Berserk           |     1 |     3 |     4 |     1 ||     9
       Trog's Hand       |     1 |     2 |     2 |       ||     5
  Use: Scroll            |       |       |    10 |     6 ||    16
       Potion            |       |       |     1 |     1 ||     2
 Stab: Sleeping          |     1 |       |       |       ||     1
  Eat: Bread ration      |     1 |     1 |     1 |     1 ||     4
       Fruit             |       |     3 |       |       ||     3
       Meat ration       |       |     1 |     2 |       ||     3
       Chunk             |       |     1 |     3 |     1 ||     5
       Pizza             |       |       |     1 |     3 ||     4
